 Dungeon Crawl Stone Soup version 0.30-a0-23-ge60ba3568b (webtiles) character file.

Game seed: 11034444745084892601

19135 SensoryNuts the Severer (level 12, -4/105 HPs)
             Began as a Hill Orc Fighter on Aug 25, 2022.
             Slain by a skeletal warrior
             ... wielding a +0 hand axe
              (8 damage)
             ... on level 11 of the Dungeon.
             The game lasted 00:15:08 (13724 turns).

SensoryNuts the Severer (Hill Orc Fighter)         Turns: 13724, Time: 00:15:09

Health: -4/105     AC: 20    Str: 26    XL:     12   Next: 65%
Magic:  12/12      EV: 12    Int:  8    God:
Gold:   1196       SH: 13    Dex: 20    Spells: 11/11 levels left

rFire   . . .      SeeInvis .    a - +2 war axe (flame)
rCold   . . .      Faith    .    h - +0 kite shield
rNeg    . . .      Spirit   .    t - quicksilver dragon scales
rPois   .          Reflect  .    (no helmet)
rElec   .          Harm     .    s - +2 cloak
rCorr   .          Rampage  .    B - +2 pair of gloves
Will    +....                    q - +0 pair of boots
Stlth   ++........               A - amulet of the acrobat
HPRegen 0.27/turn                c - +6 ring of dexterity
MPRegen 0.13/turn                w - +6 ring of strength

@: no status effects
A: no striking features
a: no special abilities


You were on level 11 of the Dungeon.
You visited 2 branches of the dungeon, and saw 14 of its levels.
You also visited: Bailey.

You collected 1380 gold pieces.
You spent 184 gold pieces at shops.

Inventory:

Hand Weapons
 a - a +2 war axe of flaming (weapon)
Armour
 h - a +0 kite shield (worn)
 q - a +0 pair of boots (worn)
 s - a +2 cloak (worn)
 t - quicksilver dragon scales (worn)
 B - a +2 pair of gloves (worn)
Jewellery
 c - a +6 ring of dexterity (left hand)
 e - a ring of positive energy
 j - a ring of protection from fire
 r - a ring of poison resistance
 u - a +6 ring of dexterity
 v - a ring of fire
 w - a +6 ring of strength (right hand)
 A - an amulet of the acrobat (around neck)
Wands
 d - a wand of acid (4)
 g - a wand of paralysis (1)
 C - a wand of polymorph (4)
Scrolls
 l - 6 scrolls of magic mapping
 o - a scroll of enchant armour
 p - a scroll of amnesia
 x - 2 scrolls of butterflies
 y - 4 scrolls of blinking
 D - a scroll of vulnerability
 E - a scroll of poison
 G - a scroll of brand weapon
 H - a scroll of teleportation
Potions
 i - 3 potions of lignification
 k - 3 potions of resistance
 m - 3 potions of degeneration
 n - 4 potions of curing
 z - 2 potions of ambrosia
 F - a potion of flight
 I - 4 potions of mutation


   Skills:
 + Level 9.4 Fighting
 * Level 18.0 Axes
 + Level 8.6 Armour
 + Level 4.5 Dodging
 + Level 2.1 Stealth
 + Level 10.6 Shields


You had 11 spell levels left.
You didn't know any spells.
Your spell library contained the following spells:

 Spells                   Type           Power      Damage    Failure   Level
 Sandblast                Erth           0%         2d4       80%         1
 Passwall                 Tmut/Erth      0%         N/A       90%         2
 Call Canine Familiar     Summ           0%         N/A       99%         3
 Gell's Gravitas          Tloc           0%         N/A       99%         3
 Lesser Beckoning         Tloc           0%         N/A       99%         3
 Ozocubu's Armour         Ice            0%         N/A       99%         3
 Portal Projectile        Hex/Tloc       0%         N/A       99%         3
 Stone Arrow              Conj/Erth      0%         3d7       99%         3
 Teleport Other           Tloc           0%         N/A       99%         3
 Leda's Liquefaction      Hex/Erth       0%         N/A       100%        4
 Summon Lightning Spire   Summ/Air       0%         N/A       100%        4
 Ozocubu's Refrigeration  Ice            0%         4d7       100%        7
 Storm Form               Tmut/Air       0%         N/A       100%        7
 Maxwell's Capacitive Co  Air            0%         ∞         100%        8


Dungeon Overview and Level Annotations

Branches:
Dungeon (13/15)            Temple (1/1) D:5            Lair (0/5) D:9
    Orc (0/2) D:12         Bailey (visited)
 Vaults: D:13-14

Altars:
Ashenzari
Cheibriados
Dithmenos
Elyvilon
Fedhas
Gozag
Hepliaklqana
Kikubaaqudgha
Makhleb
Nemelex Xobeh
Okawaru
Qazlal
Ru
Sif Muna
Trog
Uskayaw
Vehumet
Wu Jian
Xom
Yredelemnul
Zin
The Shining One

Shops:
D:5 :(   D:7 *   D:8 (

Annotations:
D:12 Azrael


Message History

The boulder beetle bites you!
You block the skeletal warrior's attack.
Unknown command.
You are too injured to fight recklessly!
Unknown command.
You are too injured to fight recklessly!
Unknown command.
You are too injured to fight recklessly!
Unknown command.
You feel much better.
You block the skeletal warrior's attack. x2
You block the boulder beetle's attack.
The skeletal warrior hits you but does no damage.
Okay, then.
It was a potion of magic.
Magic courses through your body.
You block the skeletal warrior's attack.
The skeletal warrior hits you with a +0 hand axe!
The boulder beetle bites you!
You block the skeletal warrior's attack.
You hit the skeletal warrior but do no damage.
The skeletal warrior is heavily damaged.
You closely miss the skeletal warrior. You hit the boulder beetle.
You burn the boulder beetle. You hit the skeletal warrior.
You burn the skeletal warrior.
The skeletal warrior is heavily damaged.
You hit the skeletal warrior. You burn the skeletal warrior.
You hit the boulder beetle. You burn the boulder beetle.
You block the skeletal warrior's attack.
The skeletal warrior hits you with a +0 hand axe!
The boulder beetle closely misses you.
The skeletal warrior hits you from afar with a +0 halberd!
* * * LOW HITPOINT WARNING * * *
Unknown command.
As you read the scroll of fear, it crumbles to dust.
You assume a fearsome visage.
The skeletal warrior is unaffected. x3
The boulder beetle looks frightened!
The skeletal warrior hits you with a +0 short sword!!
* * * LOW HITPOINT WARNING * * *
The skeletal warrior hits you with a +0 hand axe!
You die...

#..#......#
#.........##
##.#........#
#...........#
...........# ##
.#.z.......# #$.
..##.Bzz...# #..#
##......#@...###..#
###..#
#.......##...#
#####...#
####.........#
...D..# #####.....#
####..## #.....#
##..# #.....# #..##
##.....# ##..#
#......# #..##
#......#


You could see a boulder beetle (fleeing) and 3 skeletal warriors.

Vanquished Creatures
  Erolcha (D:10)
  2 hydras
  2 boulder beetles (D:11)
  2 two-headed ogres
  Amaemon (D:8)
  Lodul (D:11)
  An orc knight (Bailey)
  A deep elf pyromancer (Bailey)
  An ugly thing (D:11)
  4 manticores
  Maurice (D:12)
  A gargoyle (D:12)
  An orange demon (D:8)
  2 kobold demonologists
  The ghost of hgbash the Sneak, a novice SpVM of Sif Muna (D:5)
  A hornet (D:9)
  A shadow (D:11)
  A wyvern (D:10)
  10 yaks (D:10)
  2 basilisks
  2 wraiths
  3 steam dragons
  2 vampire mosquitoes (D:11)
  2 acid dragons
  2 water moccasins
  A hell hound (D:11)
  2 black bears
  2 ice beasts
  3 sky beasts
  9 orc warriors
  8 ogres
  The ghost of Setbun the Magician, an amateur DjIE (D:3)
  9 centaurs
  4 phantoms
  A kobold brigand (D:5)
  A gnoll sergeant (D:6)
  6 bullfrogs
  3 scorpions
  8 killer bees
  An electric eel (D:8)
  5 howler monkeys
  2 quasits (D:3)
  5 hounds
  6 jellies
  2 gnoll boudas
  6 orc priests
  5 iguanas
  10 orc wizards
  Robin (D:4)
  21 gnolls
  6 adders
  An ufetubus (D:6)
  A worm (D:2)
  40 orcs
  14 endoplasms
  3 giant cockroaches
  17 goblins
  6 hobgoblins
  3 jackals (D:2)
  3 quokkas
  5 ball pythons
  4 bats
  2 frilled lizards
  21 kobolds
  3 rats
  2 bushes (D:6)
301 creatures vanquished.

Vanquished Creatures (others)
  A kobold (D:5)
  4 fungi (D:4)
  6 plants
  9 toadstools (D:4)
20 creatures vanquished.

Grand Total: 321 creatures vanquished

Notes
Turn   | Place    | Note
-------+----------+-------------------------------------------
     0 | D:1      | SensoryNuts the Hill Orc Fighter began the quest for the
                  | Orb.
     0 | D:1      | Reached XP level 1. HP: 19/19 MP: 1/1
   360 | D:1      | Reached skill level 3 in Axes
   360 | D:1      | Reached XP level 2. HP: 27/27 MP: 2/2
   754 | D:1      | Found a faded altar of an unknown god.
  1574 | D:2      | Reached XP level 3. HP: 33/33 MP: 3/3
  1967 | D:2      | Reached skill level 4 in Axes
  2520 | D:3      | Reached XP level 4. HP: 31/40 MP: 4/4
  2668 | D:3      | Reached skill level 5 in Axes
  2895 | D:3      | Reached XP level 5. HP: 34/46 MP: 5/5
  3080 | D:3      | Found a transporter.
  3083 | D:3      | Noticed Setbun's ghost (amateur DjIE)
  3101 | D:3      | Found a transporter.
  3645 | D:3      | Killed Setbun's ghost
  3646 | D:3      | Reached skill level 6 in Axes
  3646 | D:3      | Reached XP level 6. HP: 36/52 MP: 6/6
  3855 | D:4      | Reached skill level 1 in Dodging
  3858 | D:4      | Reached skill level 7 in Axes
  3859 | D:4      | Reached XP level 7. HP: 37/60 MP: 7/7
  4099 | D:4      | Noticed Robin
  4114 | D:4      | Killed Robin
  4421 | D:4      | Reached skill level 8 in Axes
  4622 | D:4      | Reached skill level 9 in Axes
  4622 | D:4      | Reached skill level 5 in Armour
  4622 | D:4      | Reached XP level 8. HP: 48/67 MP: 8/8
  4879 | D:5      | Entered Level 5 of the Dungeon
  5132 | D:5      | Found a staircase to the Ecumenical Temple.
  5136 | D:5      | Reached skill level 5 in Fighting
  5149 | Temple   | Entered the Ecumenical Temple
  5463 | D:5      | Found Rydejielop's Weapon Emporium.
  5509 | D:5      | Found a runed translucent gate.
  5509 | D:5      | Found a runed translucent gate.
  5510 | D:5      | Found a runed translucent gate.
  5510 | D:5      | Found Hesch's Book Shoppe.
  5516 | D:5      | Noticed hgbash's ghost (novice SpVM)
  5522 | D:5      | Reached skill level 10 in Axes
  5589 | D:5      | Reached skill level 5 in Shields
  5711 | D:5      | Reached skill level 11 in Axes
  5711 | D:5      | Reached XP level 9. HP: 35/74 MP: 9/9
  5975 | D:5      | Killed hgbash's ghost
  6160 | D:6      | Found a shadowy altar of Dithmenos.
  6249 | D:6      | Reached skill level 12 in Axes
  7215 | D:6      | Found a shimmering altar of Xom.
  7407 | D:7      | Found Butid's Assorted Antiques.
  7418 | D:7      | Bought a potion of curing for 69 gold pieces
  7418 | D:7      | Bought a potion of heal wounds for 115 gold pieces
  7552 | D:7      | Reached skill level 13 in Axes
  7645 | D:7      | Reached XP level 10. HP: 83/83 MP: 10/10
  7741 | D:7      | Found a radiant altar of Vehumet.
  7753 | D:7      | Found a flagged portal.
  7764 | Bailey   | Entered a bailey
  7997 | Bailey   | Found a large runed translucent door.
  7997 | Bailey   | Found a large runed translucent door.
  8001 | Bailey   | Noticed a deep elf pyromancer
  8007 | Bailey   | Noticed an orc knight
  8044 | Bailey   | Killed an orc knight
  8045 | Bailey   | Reached skill level 14 in Axes
  8335 | Bailey   | Killed a deep elf pyromancer
  8353 | Bailey   | Identified the +0 scale mail of Tookleih {SInv}
  8607 | D:8      | Identified the +3 leather armour of the Blacksmith {+Blink
                  | rElec Str+2 Int-5}
  8638 | D:8      | Found a broken altar of Ashenzari.
  8802 | D:8      | Reached skill level 15 in Axes
  9208 | D:8      | Noticed Amaemon
  9210 | D:8      | Noticed an orange demon
  9223 | D:8      | Killed Amaemon
  9224 | D:8      | Found Foysseac's Weapon Emporium.
  9227 | D:8      | Killed an orange demon
  9228 | D:8      | Reached skill level 1 in Stealth
  9761 | D:8      | Found a snail-covered altar of Cheibriados.
 10075 | D:9      | Reached XP level 11. HP: 92/92 MP: 11/11
 10086 | D:9      | Paralysed by a hornet for 2 turns
 10150 | D:9      | Found a blossoming altar of Fedhas.
 10150 | D:9      | Found a hazy altar of Hepliaklqana.
 10341 | D:9      | Reached skill level 16 in Axes
 10379 | D:9      | Found a staircase to the Lair.
 10499 | D:9      | Noticed a manticore
 10509 | D:9      | Killed a manticore
 10638 | D:9      | Found a white marble altar of Elyvilon.
 11122 | D:10     | Entered Level 10 of the Dungeon
 11145 | D:10     | Found a glowing golden altar of the Shining One.
 11613 | D:10     | Noticed Erolcha
 11626 | D:10     | Killed Erolcha
 11919 | D:11     | Noticed a two-headed ogre
 11942 | D:11     | Killed a two-headed ogre
 12065 | D:11     | Noticed a boulder beetle
 12085 | D:11     | Noticed Lodul
 12087 | D:11     | Reached skill level 17 in Axes
 12093 | D:11     | Killed a boulder beetle
 12101 | D:11     | Killed Lodul
 12102 | D:11     | Reached XP level 12. HP: 42/103 MP: 12/12
 12421 | D:11     | Noticed a six-headed hydra
 12495 | D:11     | Noticed a boulder beetle
 12511 | D:11     | Killed a boulder beetle
 12726 | D:11     | You fall into a shaft and drop 2 floors!
 12758 | D:13     | Noticed a boulder beetle
 12903 | D:12     | Reached skill level 10 in Shields
 13010 | D:12     | Noticed a seven-headed hydra
 13024 | D:12     | Killed a three-headed hydra
 13147 | D:12     | Noticed Maurice
 13178 | D:12     | Killed Maurice
 13289 | D:12     | Noticed a two-headed ogre
 13291 | D:12     | Found a staircase to the Orcish Mines.
 13298 | D:12     | Killed a two-headed ogre
 13479 | D:12     | Noticed Azrael
 13492 | D:11     | Reached skill level 18 in Axes
 13531 | D:11     | Killed a one-headed hydra
 13706 | D:11     | Noticed a boulder beetle
 13724 | D:11     | HP: 4/105 [skeletal warrior/+0 short sword (19)]
 13724 | D:11     | Slain by a skeletal warrior

Illustrated notes

Levels and vault maps discovered:
D:1:      denvon_arrival_planthouse, layout_loops_ring,
          shapermc_ecumenical_altar_mp_urbaneastern
D:2:      layout_basic, solitary_fountain
D:3:      layout_basic, gammafunk_ghost_stat_death
D:4:      cheibrodos_fertilizer, layout_rooms, uniq_robin
D:5:      layout_cave_pools, minmay_temple_entry_overgrown,
          gammafunk_ghost_nasty_kobolds, serial_shops, shop,
          nicolae_shop_bloodbath_and_beyond, minmay_fractal_squares_gapless_5
D:6:      layout_loops_ring, mainiacjoe_overflow_cross_hatched,
          mainiacjoe_overflow_surrounded_room
D:7:      layout_rooms, mainiacjoe_overflow_concentric_impassable, serial_shops,
          nicolae_shop_statue_plus, enter_bailey_2, kennysheep_nondescript
D:8:      layout_basic, mainiacjoe_overflow_small_starburst,
          lemuel_doored_altar, nicolae_take_the_stairs, hex_medium,
          minmay_misc_feat_tiny, uniq_amaemon
D:9:      layout_roguey, elyvilon_altar_3, amethyst_overflow_temple_binary,
          dpeg_oklobed_lair
D:10:     layout_basic, nicolae_overflow_hidden_temple, serial_curves,
          eino_curves_01, eino_curves_02, minmay_misc_feat_rows, uniq_erolcha
D:11:     layout_cave_pods, zin_academy, uniq_lodul
D:12:     layout_cross, orc_0_dummy, biasface_ghost_orc_armoury,
          kennysheep_generic_room_10, uniq_azrael, uniq_maurice
D:13:     layout_small_grid, fountainhead
Temple:   dshaligram_water_room_temple

Skill      XL: |  1  2  3  4  5  6  7  8  9 10 11 12 |
---------------+-------------------------------------+-----
Axes           | 3 4 5 6 7 9 11 13 15 17 18 | 18.0
Armour         | 4 5 6 8 |  8.6
Fighting       | 4 5 6 7 8 9 |  9.4
Dodging        | 1 2 3 4 |  4.5
Shields        | 4 5 6 8 9 10 | 10.6
Stealth        | 1 2 |  2.1

Action                   |  1- 3 |  4- 6 |  7- 9 | 10-12 || total
-------------------------+-------+-------+-------+-------++-------
Melee: War axe           |   106 |    90 |   279 |   480 ||   955
  Use: Scroll            |     5 |     5 |     8 |    10 ||    28
       Potion            |       |     5 |     2 |     9 ||    16
 Stab: Distracted        |       |       |       |     1 ||     1
       Sleeping          |       |       |       |     1 ||     1
Armor: Scale mail        |    51 |   134 |   138 |    20 ||   343
       Quicksilver drago |       |       |       |   122 ||   122
Dodge: Dodged            |    44 |    73 |    82 |   192 ||   391
Block: Buckler           |    20 |       |       |       ||    20
       Kite shield       |    26 |    78 |   143 |   290 ||   537

Table legend: (Time is in decaauts)
 A = Elapsed time spent in this place.
 B = Non-inter-level travel time spent in this place.
 C = Inter-level travel time spent in this place.
 D = Time resting spent in this place.
 E = Time spent auto-exploring this place.
 F = Levels seen in this place.
 G = Mean time per level.
                   A        B        C        D        E       F      G
               +--------+--------+--------+--------+--------+-----+--------+
         Total |  13779 |  13284 |    495 |    400 |  10652 |  15 |  918.6 |
       Dungeon |  12977 |  12532 |    445 |    400 |  10122 |  13 |  998.2 |
        Temple |    160 |    110 |     50 |      0 |    100 |   1 |  160.0 |
        Bailey |    640 |    640 |      0 |      0 |    429 |   1 |  640.0 |
               +--------+--------+--------+--------+--------+-----+--------+

Top non-repeatable levels by time:
     D:1: 1546 daAuts
     D:8: 1482 daAuts
     D:5: 1449 daAuts
     D:3: 1355 daAuts
     D:9: 1076 daAuts
     D:4: 1074 daAuts
    D:11: 1072 daAuts
     D:2: 1010 daAuts
     D:6: 885 daAuts
    D:10: 745 daAuts
    D:12: 709 daAuts
  Bailey: 640 daAuts
     D:7: 532 daAuts
  Temple: 160 daAuts
    D:13: 35 daAuts
